 Dungeon Crawl Stone Soup version 0.28-a0-704-g4d584c6bc1 (webtiles) character file.

Game seed: 12264888640374199637

16 Crumbo the Firebug (level 2, -2/15 HPs)
             Began as a Deep Elf Fire Elementalist on Oct 24, 2021.
             Slain by a hobgoblin (3 damage)
             ... on level 1 of the Dungeon.
             The game lasted 00:03:00 (416 turns).

Crumbo the Firebug (Deep Elf Fire Elementalist)      Turns: 416, Time: 00:03:01

Health: -2/15      AC:  2    Str:  5    XL:     2   Next: 37%
Magic:  4/8        EV: 12    Int: 19    God:
Gold:   9          SH:  0    Dex: 15    Spells: 6/7 levels left

rFire   . . .      SeeInvis .   (no weapon)
rCold   . . .      Faith    .   (no shield)
rNeg    . . .      Spirit   .   a - +0 robe
rPois   .          Reflect  .   (no helmet)
rElec   .          Harm     .   (no cloak)
rCorr   .          Rampage  .   (no gloves)
Will    .....                   (no boots)
Stlth   ++........              (no amulet)
HPRegen 0.05/turn               (no ring)
MPRegen 0.11/turn               (no ring)

@: very slightly contaminated
A: no striking features
a: no special abilities


You were on level 1 of the Dungeon.
You visited 1 branch of the dungeon, and saw 1 of its levels.

You collected 9 gold pieces.

Inventory:

Armour
 a - a +0 robe (worn)
Scrolls
 c - a scroll of blinking
 d - a scroll of enchant weapon {unknown}
Potions
 b - a potion of mutation {unknown}
 e - a potion of curing {unknown}


   Skills:
 + Level 2.5 Dodging
 + Level 2.5 Stealth
 + Level 3.2 Spellcasting
 * Level 1.3 Conjurations
 + Level 3.8 Fire Magic


You had 6 spell levels left.
You knew the following spells:

 Your Spells              Type           Power      Damage    Failure   Level
a - Foxfire               Conj/Fire      48%        2x1d6     5%          1

Your spell library contained the following spells:

 Spells                   Type           Power      Damage    Failure   Level
 Scorch                   Fire           34%        2d6       4%          2
 Conjure Flame            Conj/Fire      12%        6-21      16%         3
 Inner Flame              Hex/Fire       10%        N/A       21%         3
 Flame Wave               Conj/Fire      12%        3d4       45%         4
 Summon Cactus Giant      Summ           1%         N/A       100%        6


Dungeon Overview and Level Annotations

Branches:
Dungeon (1/15)

Altars:


Message History

Confirm with . or Enter, or press ? or * to list all spells.
You conjure some foxfire!
The foxfire hits the hobgoblin but does no damage.
The hobgoblin is severely wounded.
The foxfire hits the hobgoblin.
The hobgoblin is almost dead.
You hit the hobgoblin but do no damage.
The hobgoblin is almost dead.
The hobgoblin hits you.
You closely miss the hobgoblin.
The hobgoblin is almost dead.
The hobgoblin hits you.
You hit the hobgoblin but do no damage.
The hobgoblin is almost dead.
The hobgoblin misses you.
You barely miss the hobgoblin.
The hobgoblin is almost dead.
The hobgoblin hits you but does no damage.
You closely miss the hobgoblin.
The hobgoblin is almost dead.
The hobgoblin hits you.
Casting: Foxfire (safe; 5% risk of failure)
Confirm with . or Enter, or press ? or * to list all spells.
You miscast Foxfire.
You are very lightly contaminated with residual magic.
Nothing appears to happen.
The hobgoblin hits you.
* * * LOW HITPOINT WARNING * * *
Casting: Foxfire (safe; 5% risk of failure)
Confirm with . or Enter, or press ? or * to list all spells.
You conjure some foxfire!
The hobgoblin barely misses you.
The foxfire hits the hobgoblin but does no damage.
The hobgoblin is almost dead.
The foxfire hits the hobgoblin but does no damage.
The hobgoblin is almost dead.
The hobgoblin hits you.
* * * LOW HITPOINT WARNING * * *
Casting: Foxfire (safe; 5% risk of failure)
Confirm with . or Enter, or press ? or * to list all spells.
You conjure some foxfire!
The hobgoblin hits you.
You die...

..# #.# #.# # #.##
#.####.. #(.....#
#######...#####
............v@#
######..(..gv#
#..........#
#######.##...######.##
................>....
##.##.#....##..##.#.##
....#.####.##..#
....#.##.#.##..#
....#....#.##..######


You could see a hobgoblin (ally target).

Vanquished Creatures
  A giant cockroach (D:1)
  2 goblins (D:1)
  6 jackals (D:1)
  2 bats (D:1)
  A frilled lizard (D:1)
  A kobold (D:1)
13 creatures vanquished.

Vanquished Creatures (others)
  39 foxfires (D:1)
39 creatures vanquished.

Grand Total: 52 creatures vanquished

Notes
Turn   | Place    | Note
-------+----------+-------------------------------------------
     0 | D:1      | Crumbo the Deep Elf Fire Elementalist began the quest for
                  | the Orb.
     0 | D:1      | Reached XP level 1. HP: 10/10 MP: 6/6
   134 | D:1      | Reached XP level 2. HP: 15/15 MP: 6/8
   416 | D:1      | Slain by a hobgoblin

Illustrated notes

Levels and vault maps discovered:
D:1:      scummos_arrival_forest, layout_basic, ebering_ecumenical_altar_webs,
          minmay_tromino_mix6

Action                   || total
-------------------------++-------
Melee: Unarmed           ||     5
 Cast: Foxfire           ||    23
  Use: Scroll            ||     1
Armor: Robe              ||     4
Dodge: Dodged            ||    10

Table legend: (Time is in decaauts)
 A = Elapsed time spent in this place.
 B = Non-inter-level travel time spent in this place.
 C = Inter-level travel time spent in this place.
 D = Time resting spent in this place.
 E = Time spent auto-exploring this place.
 F = Levels seen in this place.
 G = Mean time per level.
                   A        B        C        D        E       F      G
               +--------+--------+--------+--------+--------+-----+--------+
         Total |    416 |    416 |      0 |      0 |    211 |   1 |  416.0 |
       Dungeon |    416 |    416 |      0 |      0 |    211 |   1 |  416.0 |
               +--------+--------+--------+--------+--------+-----+--------+

Top non-repeatable levels by time:
     D:1: 416 daAuts
